HSSL
BISHOP AMAT HS @ SPANISH FORK HS
05/03/2026
 
TOP OF THE 1ST
Bishop Amat HS batting - Pitching for Spanish Fork HS : RHP Gary Yarn
Pitching: RHP Gary Yarn
Batting: RHB Lou Perry 0-0: Foul Ball, location: 2F
0-1: Ball
1-1: SINGLE (Line Drive, 78S)
Batting: RHB Steve Bañuelos 0-0: Hit by Pitch
Lou Perry to second
Batting: LHB Mathew Clayton 0-0: Ball
1-0: Called Strike
1-1: Fielders Choice at 2nd, 5-4 (Groundball, 56)
Lou Perry to third
Batting: RHB Edison Knight 0-0: Called Strike
Mathew Clayton steals 2nd base
0-1: Called Strike
0-2: Strikes out looking
Batting: RHB Jim Norris 0-0: Called Strike
0-1: Ball
1-1: Called Strike
1-2: Ball
2-2: Foul Ball, location: 2F
2-2: Ground out 5-3 (Groundball, 5S)
Top of the 1st over - 0 run(s), 1 hit(s), 0 error(s), 2 left on base; Bishop Amat HS 0 - Spanish Fork HS 0
BOTTOM OF THE 1ST
Spanish Fork HS batting - Pitching for Bishop Amat HS : RHP Nathaniel Reynolds
Pitching: RHP Nathaniel Reynolds
Batting: RHB Gary Roberts 0-0: Ball
1-0: Called Strike
1-1: Bunted foul
1-2: Ball
2-2: Ball
3-2: Foul Ball, location: 2F
3-2: Foul Ball, location: 2F
3-2: SOLO HOME RUN (Flyball, 78XD), Distance : 393 ft
Batting: RHB Julius Shelton 0-0: Ball
1-0: Ball
2-0: Called Strike
2-1: Foul Ball, location: 2F
2-2: Foul Ball, location: 2F
2-2: Ball
3-2: Base on Balls
Batting: RHB Jim Jones 0-0: Called Strike
0-1: Ball
1-1: Ball
2-1: Foul Ball, location: 2F
2-2: Strikes out looking
Batting: RHB Gary Yarn 0-0: Ball
1-0: Ball
2-0: Ball
3-0: Base on Balls
Julius Shelton to second
Batting: RHB Chester Mullins 0-0: Ball
1-0: Foul Ball, location: 2F
1-1: Swinging Strike
1-2: Strikes out swinging
Batting: RHB Jim Quinborough 0-0: Ball
1-0: Ball
2-0: Ball
3-0: Called Strike
3-1: Foul Ball, location: 2F
3-2: Foul Ball, location: 2F
3-2: Base on Balls
Julius Shelton to third
Gary Yarn to second
Batting: LHB Jason Mills 0-0: Ball
1-0: Ball
2-0: Swinging Strike
2-1: Called Strike
2-2: Ball
3-2: Foul Ball, location: 2F
3-2: Strikes out swinging
Bottom of the 1st over - 1 run(s), 1 hit(s), 0 error(s), 3 left on base; Bishop Amat HS 0 - Spanish Fork HS 1
TOP OF THE 2ND
Bishop Amat HS batting - Pitching for Spanish Fork HS : RHP Gary Yarn
Batting: RHB Ken Pérez 0-0: Ball
1-0: Swinging Strike
1-1: Foul Ball, location: 2F
1-2: Foul Ball, location: 2F
1-2: Fly out, F9 (Flyball, 9D)
Batting: RHB Ben Martin 0-0: Ball
1-0: Called Strike
1-1: Ball
2-1: Ball
3-1: Base on Balls
Batting: RHB Andrew Miller 0-0: Ball
Ben Martin steals 2nd base
1-0: Swinging Strike
1-1: Ball
2-1: Ball
3-1: Fly out, F1 (Line Drive, 15S)
Batting: RHB Alan Williams 0-0: Ball
1-0: Ball
2-0: Called Strike
2-1: Ball
3-1: Foul Ball, location: 2F
3-2: SINGLE (Groundball, 56D)
Ben Martin to third
Ben Martin scores
Batting: RHB Lou Perry 0-0: Foul Ball, location: 2F
0-1: Foul Ball, location: 2F
0-2: Ball
1-2: Fly out, F7 (Flyball, 7M)
Top of the 2nd over - 1 run(s), 1 hit(s), 0 error(s), 1 left on base; Bishop Amat HS 1 - Spanish Fork HS 1
BOTTOM OF THE 2ND
Spanish Fork HS batting - Pitching for Bishop Amat HS : RHP Nathaniel Reynolds
Batting: SHB Héctor Arteago 0-0: Called Strike
0-1: Called Strike
0-2: Ball
1-2: Ball
2-2: Foul Ball, location: 2F
2-2: Foul Ball, location: 2F
2-2: Fly out, F4 (Popup, 4MD)
Batting: SHB Miguel Gómez 0-0: Called Strike
0-1: Foul Ball, location: 2F
0-2: Ball
1-2: Strikes out swinging
Batting: RHB Gary Roberts 0-0: Called Strike
0-1: Called Strike
0-2: Fly out, F9 (Flyball, 89M)
Bottom of the 2nd over - 0 run(s), 0 hit(s), 0 error(s), 0 left on base; Bishop Amat HS 1 - Spanish Fork HS 1
TOP OF THE 3RD
Bishop Amat HS batting - Pitching for Spanish Fork HS : RHP Gary Yarn
Batting: RHB Steve Bañuelos 0-0: Ball
1-0: Swinging Strike
1-1: Ball
2-1: Swinging Strike
2-2: Foul Ball, location: 2F
2-2: Foul Ball, location: 2F
2-2: Ball
3-2: Base on Balls
Batting: LHB Mathew Clayton 0-0: Ball
Wild Pitch!
Steve Bañuelos to second
1-0: Called Strike
1-1: Ball
2-1: Ground out U3 (Groundball, 3)
Steve Bañuelos to third
Batting: RHB Edison Knight 0-0: Ball
1-0: Called Strike
1-1: Ball
2-1: SINGLE (Groundball, 34D)
Steve Bañuelos scores
Batting: RHB Jim Norris 0-0: Ball
1-0: Ball
2-0: Foul Ball, location: 2F
2-1: Ball
3-1: Base on Balls
Edison Knight to second
Batting: RHB Ken Pérez 0-0: Called Strike
0-1: 3-RUN HOME RUN (Flyball, 78XD), Distance : 416 ft
Batting: RHB Ben Martin 0-0: Foul Ball, location: 2F
0-1: Ball
1-1: Foul Ball, location: 2F
1-2: Strikes out swinging
Batting: RHB Andrew Miller 0-0: Called Strike
0-1: Ball
1-1: Fly out, F8 (Flyball, 8RM)
Top of the 3rd over - 4 run(s), 2 hit(s), 0 error(s), 0 left on base; Bishop Amat HS 5 - Spanish Fork HS 1
BOTTOM OF THE 3RD
Spanish Fork HS batting - Pitching for Bishop Amat HS : RHP Nathaniel Reynolds
Batting: RHB Julius Shelton 0-0: Ball
1-0: Ball
2-0: Ball
3-0: Foul Ball, location: 2F
3-1: Swinging Strike
3-2: Fly out, F6 (Line Drive, 6)
Batting: RHB Jim Jones 0-0: Called Strike
0-1: Fly out, F7 (Flyball, 78M)
Batting: RHB Gary Yarn 0-0: Foul Ball, location: 2F
0-1: Fly out, F2 (Popup, 2RF)
Bottom of the 3rd over - 0 run(s), 0 hit(s), 0 error(s), 0 left on base; Bishop Amat HS 5 - Spanish Fork HS 1
TOP OF THE 4TH
Bishop Amat HS batting - Pitching for Spanish Fork HS : RHP Gary Yarn
Batting: RHB Alan Williams 0-0: Ball
1-0: Called Strike
1-1: Foul Ball, location: 2F
1-2: Ball
2-2: Strikes out swinging
Batting: RHB Lou Perry 0-0: Called Strike
0-1: SINGLE (Flyball, 89M)
Batting: RHB Steve Bañuelos 0-0: Fly out, F6 (Popup, 56D)
Batting: LHB Mathew Clayton 0-0: SINGLE (Line Drive, 34D)
Lou Perry to second
Pitching: LHP Thomas Cole
Batting: RHB Edison Knight 0-0: Called Strike
0-1: Foul Ball, location: 2F
0-2: Ball
1-2: Ball
2-2: Foul Ball, location: 2F
2-2: Foul Ball, location: 2F
2-2: Ball
3-2: Base on Balls
Lou Perry to third
Mathew Clayton to second
Batting: RHB Jim Norris 0-0: Ground out 3-1 (Groundball, 34S)
Top of the 4th over - 0 run(s), 2 hit(s), 0 error(s), 3 left on base; Bishop Amat HS 5 - Spanish Fork HS 1
BOTTOM OF THE 4TH
Spanish Fork HS batting - Pitching for Bishop Amat HS : RHP Nathaniel Reynolds
Batting: RHB Chester Mullins 0-0: Foul Ball, location: 2F
0-1: Ball
1-1: Ball
2-1: Foul Ball, location: 2F
2-2: Ball
3-2: Base on Balls
Batting: RHB Jim Quinborough 0-0: Foul Ball, location: 2F
0-1: Swinging Strike
0-2: Strikes out looking
Batting: LHB Jason Mills 0-0: Ball
1-0: Foul Ball, location: 2F
1-1: Swinging Strike
1-2: Strikes out swinging
Batting: SHB Héctor Arteago 0-0: Ball
1-0: Swinging Strike
1-1: Ball
2-1: Ball
3-1: Foul Ball, location: 2F
3-2: Base on Balls
Chester Mullins to second
Pitching: RHP Michael Miller
Batting: SHB Miguel Gómez 0-0: Swinging Strike
0-1: Foul Ball, location: 2F
0-2: Ball
1-2: Strikes out swinging
Bottom of the 4th over - 0 run(s), 0 hit(s), 0 error(s), 2 left on base; Bishop Amat HS 5 - Spanish Fork HS 1
TOP OF THE 5TH
Bishop Amat HS batting - Pitching for Spanish Fork HS : LHP Thomas Cole
Batting: RHB Ken Pérez 0-0: Ball
1-0: SINGLE (Groundball, 56D)
Batting: RHB Ben Martin 0-0: Foul Ball, location: 2F
0-1: Ball
1-1: Foul Ball, location: 2F
1-2: Ball
2-2: Ball
3-2: Foul Ball, location: 2F
3-2: Base on Balls
Ken Pérez to second
Batting: RHB Andrew Miller 0-0: Called Strike
0-1: Ball
1-1: Ball
2-1: 3-RUN HOME RUN (Flyball, 8LXD), Distance : 439 ft
Batting: RHB Alan Williams 0-0: Called Strike
0-1: Called Strike
0-2: Ball
1-2: Strikes out looking
Batting: RHB Lou Perry 0-0: Called Strike
0-1: SINGLE (Line Drive, 78M)
Batting: RHB Steve Bañuelos 0-0: Called Strike
0-1: Ball
1-1: Ball
2-1: SINGLE (Line Drive, 7LS)
Lou Perry to second
Batting: LHB Mathew Clayton 0-0: Ball
1-0: Called Strike
Lou Perry steals 3rd base
Steve Bañuelos to second
1-1: Ground out 4-3 (Groundball, 34)
Lou Perry scores
Steve Bañuelos to third
Batting: RHB Edison Knight 0-0: SINGLE (Groundball, 4M)
Steve Bañuelos scores
Pitching: RHP Terry Joyce
Batting: RHB Jim Norris 0-0: Ball
1-0: Ball
2-0: Foul Ball, location: 2F
2-1: Foul Ball, location: 2F
2-2: SINGLE (Groundball, 2L) (infield hit)
Edison Knight to second
Batting: RHB Ken Pérez 0-0: SINGLE (Groundball, 3D)
Edison Knight to third
Jim Norris to second
Runner from 3rd tries for Home, SAFE, no throw or cutoff
Batting: RHB Ben Martin 0-0: Called Strike
0-1: Foul Ball, location: 2F
0-2: Ball
1-2: Strikes out looking
Top of the 5th over - 6 run(s), 7 hit(s), 0 error(s), 2 left on base; Bishop Amat HS 11 - Spanish Fork HS 1
BOTTOM OF THE 5TH
Spanish Fork HS batting - Pitching for Bishop Amat HS : RHP Michael Miller
Batting: RHB Gary Roberts 0-0: Called Strike
0-1: Ball
1-1: Bunt for hit - play at first, batter OUT! 2-3
Batting: RHB Julius Shelton 0-0: Ball
1-0: Called Strike
1-1: Swinging Strike
1-2: Ground out 4-3 (Groundball, 4M)
Batting: RHB Jim Jones 0-0: Ball
1-0: Ball
2-0: Ball
3-0: Foul Ball, location: 2F
3-1: Base on Balls
Batting: RHB Gary Yarn 0-0: Ball
Jim Jones is caught stealing 2nd base
Bottom of the 5th over - 0 run(s), 0 hit(s), 0 error(s), 0 left on base; Bishop Amat HS 11 - Spanish Fork HS 1
TOP OF THE 6TH
Bishop Amat HS batting - Pitching for Spanish Fork HS : RHP Terry Joyce
Batting: RHB Andrew Miller 0-0: SINGLE (Flyball, 9S)
Batting: RHB Alan Williams 0-0: Swinging Strike
0-1: Foul Ball, location: 2F
0-2: Ball
1-2: Foul Ball, location: 2F
1-2: Foul Ball, location: 2F
1-2: SINGLE (Groundball, 4MD)
Andrew Miller to second
Batting: RHB Lou Perry 0-0: Ball
1-0: Called Strike
1-1: Swinging Strike
1-2: Strikes out looking
Batting: RHB Steve Bañuelos 0-0: SINGLE (Groundball, 6MD)
Andrew Miller to third
Alan Williams to second
Runner from 3rd tries for Home, SAFE, throw made home
Batting: LHB Mathew Clayton 0-0: SINGLE (Groundball, 34D)
Alan Williams to third
Steve Bañuelos to second
Runner from 3rd tries for Home, SAFE, no throw or cutoff
Batting: RHB Edison Knight 0-0: Foul Ball, location: 2F
0-1: Called Strike
0-2: Ball
1-2: Ball
2-2: Ground out 4-3 (Groundball, 13)
Steve Bañuelos to third
Mathew Clayton to second
Batting: RHB Jim Norris 0-0: Ball
1-0: Called Strike
1-1: SINGLE (Flyball, 8RS)
Steve Bañuelos scores
Mathew Clayton to third
Runner from 3rd tries for Home, SAFE, no throw or cutoff
Pitching: LHP Patrice Galipeau
Batting: RHB Ken Pérez 0-0: Called Strike
0-1: Ball
1-1: Called Strike
1-2: Hit by Pitch
Jim Norris to second
Batting: RHB Ben Martin 0-0: Ball
1-0: Ball
2-0: Swinging Strike
2-1: Foul Ball, location: 2F
2-2: Ball
3-2: Foul Ball, location: 2F
3-2: Foul Ball, location: 2F
3-2: Foul Ball, location: 2F
3-2: Foul Ball, location: 2F
3-2: Base on Balls
Jim Norris to third
Ken Pérez to second
Batting: RHB Andrew Miller 0-0: Called Strike
0-1: Swinging Strike
0-2: Foul Ball, location: 2F
0-2: Fly out, F6 (Popup, 6M)
Top of the 6th over - 4 run(s), 5 hit(s), 0 error(s), 3 left on base; Bishop Amat HS 15 - Spanish Fork HS 1
BOTTOM OF THE 6TH
Spanish Fork HS batting - Pitching for Bishop Amat HS : RHP Michael Miller
Batting: RHB Gary Yarn 0-0: Swinging Strike
0-1: Ball
1-1: SINGLE (Groundball, 6M)
Batting: RHB Chester Mullins 0-0: Ball
1-0: Called Strike
1-1: Fly out, F7 (Line Drive, 7M)
Batting: RHB Jim Quinborough 0-0: Called Strike
0-1: Ball
1-1: Ball
2-1: Called Strike
2-2: Foul Ball, location: 2F
2-2: Foul Ball, location: 2F
2-2: Strikes out swinging
Batting: LHB Jason Mills 0-0: Ball
1-0: Fly out, F7 (Flyball, 7M)
Bottom of the 6th over - 0 run(s), 1 hit(s), 0 error(s), 1 left on base; Bishop Amat HS 15 - Spanish Fork HS 1
TOP OF THE 7TH
Bishop Amat HS batting - Pitching for Spanish Fork HS : LHP Patrice Galipeau
Batting: RHB Alan Williams 0-0: Ball
1-0: Ball
2-0: Called Strike
2-1: Called Strike
2-2: Strikes out looking
Batting: RHB Lou Perry 0-0: Called Strike
0-1: Foul Ball, location: 2F
0-2: Ball
1-2: Foul Ball, location: 2F
1-2: Foul Ball, location: 2F
1-2: Strikes out looking
Batting: RHB Steve Bañuelos 0-0: Ground out 2-3 (Groundball, 2R)
Top of the 7th over - 0 run(s), 0 hit(s), 0 error(s), 0 left on base; Bishop Amat HS 15 - Spanish Fork HS 1
BOTTOM OF THE 7TH
Spanish Fork HS batting - Pitching for Bishop Amat HS : RHP Michael Miller
Pitching: RHP Jeffrey Lyons
Batting: SHB Héctor Arteago 0-0: Swinging Strike
0-1: Ball
1-1: SINGLE (Line Drive, 4MD)
Batting: SHB Miguel Gómez 0-0: Ball
1-0: Ball
2-0: Ball
3-0: Called Strike
3-1: Foul Ball, location: 2F
3-2: Foul Ball, location: 2F
3-2: Foul Ball, location: 2F
3-2: SINGLE (Popup, 5D)
Héctor Arteago to second
Batting: RHB Gary Roberts 0-0: Called Strike
0-1: Ball
1-1: Called Strike
1-2: Ball
2-2: Strikes out swinging
Batting: RHB Julius Shelton 0-0: Ball
1-0: Foul Ball, location: 2F
1-1: Hit by Pitch
Héctor Arteago to third
Miguel Gómez to second
Batting: RHB Jim Jones 0-0: Foul Ball, location: 2F
0-1: Ball
1-1: SINGLE (Line Drive, 6M)
Héctor Arteago scores
Miguel Gómez to third
Julius Shelton to second
Batting: RHB Gary Yarn 0-0: Ball
1-0: Called Strike
1-1: Ball
2-1: Swinging Strike
2-2: SINGLE (Groundball, 13) (infield hit)
Miguel Gómez scores
Julius Shelton to third
Jim Jones to second
Batting: RHB Chester Mullins 0-0: Called Strike
0-1: Fly out, F4 (Popup, 34D)
Batting: RHB Jim Quinborough 0-0: Ball
1-0: Swinging Strike
1-1: Foul Ball, location: 2F
1-2: Ball
2-2: Strikes out swinging
Bottom of the 7th over - 2 run(s), 4 hit(s), 0 error(s), 3 left on base; Bishop Amat HS 15 - Spanish Fork HS 3
TOP OF THE 8TH
Bishop Amat HS batting - Pitching for Spanish Fork HS : LHP Patrice Galipeau
Batting: LHB Mathew Clayton Single, Error in OF, E9, batter to second base
Batting: RHB Edison Knight 0-0: Called Strike
0-1: Ball
1-1: Swinging Strike
1-2: Ball
2-2: SINGLE (Flyball, 89M)
Mathew Clayton to third
Runner from 3rd tries for Home, SAFE, no throw or cutoff
Batting: RHB Jim Norris 0-0: Ball
Edison Knight steals 2nd base
1-0: Ball
2-0: Called Strike
2-1: Ball
3-1: Base on Balls
Batting: RHB Ken Pérez 0-0: Ball
1-0: Ball
2-0: DOUBLE (Line Drive, 89M)
Edison Knight scores
Jim Norris to third
Batting: RHB Ben Martin 0-0: Called Strike
0-1: Ball
1-1: Called Strike
1-2: Fly out, F4 (Popup, 34D)
Batting: RHB Andrew Miller 0-0: SINGLE (Groundball, 6MD) (infield hit)
Jim Norris scores
Ken Pérez to third
Batting: RHB Alan Williams 0-0: Called Strike
0-1: Foul Ball, location: 2F
0-2: Fly out, F4 (Popup, 3)
Batting: RHB Lou Perry 0-0: Ball
1-0: SINGLE (Line Drive, 6MD)
Ken Pérez scores
Andrew Miller to second
Batting: RHB Steve Bañuelos 0-0: Ball
1-0: Fly out, F3 (Popup, 13S)
Top of the 8th over - 4 run(s), 5 hit(s), 1 error(s), 2 left on base; Bishop Amat HS 19 - Spanish Fork HS 3
BOTTOM OF THE 8TH
Spanish Fork HS batting - Pitching for Bishop Amat HS : RHP Jeffrey Lyons
Batting: LHB Jason Mills 0-0: Foul Ball, location: 2F
0-1: Called Strike
0-2: Ball
1-2: Strikes out swinging
Batting: SHB Héctor Arteago 0-0: Called Strike
0-1: Foul Ball, location: 2F
0-2: Ball
1-2: Ball
2-2: SINGLE (Line Drive, 7LS)
Batting: SHB Miguel Gómez 0-0: Foul Ball, location: 2F
0-1: 2-RUN HOME RUN (Flyball, 9D), Distance : 374 ft
Batting: RHB Gary Roberts 0-0: Fly out, F9 (Flyball, 9S)
Batting: RHB Julius Shelton 0-0: Ball
1-0: SINGLE (Line Drive, 6MD)
Batting: RHB Jim Jones 0-0: Foul Ball, location: 2F
0-1: Ball
1-1: Called Strike
1-2: Ball
2-2: Strikes out looking
Bottom of the 8th over - 2 run(s), 3 hit(s), 0 error(s), 1 left on base; Bishop Amat HS 19 - Spanish Fork HS 5
TOP OF THE 9TH
Bishop Amat HS batting - Pitching for Spanish Fork HS : LHP Patrice Galipeau
Pitching: RHP Jason Lawson
Batting: LHB Mathew Clayton 0-0: Ball
1-0: Foul Ball, location: 2F
1-1: DOUBLE (Line Drive, 9LM)
Batting: RHB Edison Knight 0-0: Called Strike
0-1: Ball
1-1: Foul Ball, location: 2F
1-2: Foul Ball, location: 2F
1-2: Ball
2-2: DOUBLE (Flyball, 78M)
Mathew Clayton scores
Batting: RHB Jim Norris 0-0: Called Strike
0-1: Ball
Edison Knight steals 3rd base
1-1: Ball
2-1: Ball
3-1: Foul Ball, location: 2F
3-2: Base on Balls
Batting: RHB Ken Pérez 0-0: Ball
1-0: SINGLE (Line Drive, 6MD)
Edison Knight scores
Jim Norris to second
Batting: RHB Ben Martin 0-0: Ball
1-0: Called Strike
1-1: Grounds into double play, 5-4-3 (Groundball, 5)
Jim Norris to third
Batting: RHB Andrew Miller 0-0: Ball
1-0: Foul Ball, location: 2F
1-1: Swinging Strike
1-2: Ball
2-2: Ball
3-2: Base on Balls
Batting: RHB Alan Williams 0-0: Called Strike
0-1: Ball
1-1: DOUBLE (Line Drive, 3L)
Jim Norris scores
Andrew Miller to third
Batting: RHB Lou Perry 0-0: Ball
1-0: Called Strike
1-1: Swinging Strike
1-2: Strikes out looking
Top of the 9th over - 3 run(s), 4 hit(s), 0 error(s), 2 left on base; Bishop Amat HS 22 - Spanish Fork HS 5
BOTTOM OF THE 9TH
Spanish Fork HS batting - Pitching for Bishop Amat HS : RHP Jeffrey Lyons
Pitching: RHP Carlos Fernández
Batting: RHB Gary Yarn 0-0: Ball
1-0: Ground out 6-3 (Groundball, 6)
Batting: RHB Chester Mullins 0-0: Ground out 4-3 (Groundball, 4)
Batting: RHB Jim Quinborough 0-0: Called Strike
0-1: Foul Ball, location: 2F
0-2: Ball
1-2: Ball
2-2: Strikes out looking
Bottom of the 9th over - 0 run(s), 0 hit(s), 0 error(s), 0 left on base; Bishop Amat HS 22 - Spanish Fork HS 5
Monday, December 5th, 2016 - OOTP Baseball 17.12 Build 75